 Dungeon Crawl Stone Soup version 0.13.2 (webtiles) character file.

87 DimondSprtn the Exhumer (level 3, 0/30 HPs)
             Began as a Hill Orc Death Knight on Feb 23, 2017.
             Was a Follower of Yredelemnul.
             Slain by Ijyb
             ... wielding a +0,+0 club
              (2 damage)
             ... on Level 2 of the Dungeon.
             The game lasted 00:16:31 (2006 turns).

DimondSprtn the Exhumer (Hill Orc Death Knight)     Turns: 2006, Time: 00:16:31

HP   0/30        AC  3     Str 16      XL: 3   Next: 89%
MP   6/6         EV 11     Int 11      God: Yredelemnul [*.....]
Gold 34          SH  0     Dex 10      Spells:  0 memorised,  2 levels left

Res.Fire  : . . .   See Invis. : .   a - +1 orc hand axe {=f}
Res.Cold  : . . .   Warding    : .   b - +0 orc leather armour
Life Prot.: . . .   Conserve   : +   (no shield)
Res.Poison: .       Res.Corr.  : .   (no helmet)
Res.Elec. : .       Clarity    : .   (no cloak)
Sust.Abil.: . .     Spirit.Shd : .   (no gloves)
Res.Mut.  : .       Stasis     : .   (no boots)
Res.Rott. : .       Flight     : .   k - amulet of conservation {unknown}
Saprovore : + . .                    (no ring)
                                     (no ring)

@: not resistant to hostile enchantments, very unstealthy
A: saprovore 1
a: Animate Remains, Renounce Religion


You were on level 2 of the Dungeon.
You worshipped Yredelemnul.
Yredelemnul was aware of your devotion.
You were near starving.

You visited 1 branch of the dungeon, and saw 2 of its levels.

You collected 14 gold pieces.

Inventory:

Hand weapons
 a - a +1,+1 orcish hand axe (weapon) {=f}
Missiles
 e - 19 darts (quivered)
 m - 17 sling bullets
 n - 59 stones
 r - 8 curare-tipped needles
Armour
 b - a +0 orcish leather armour (worn)
Comestibles
 c - a meat ration
 f - a bread ration
Scrolls
 g - a scroll of fear {unknown}
 i - 2 scrolls of teleportation {unknown}
 j - a scroll of identify {unknown}
 o - a scroll of remove curse {unknown}
 p - a scroll of random uselessness {unknown}
Jewellery
 k - an amulet of conservation (around neck) {unknown}
Potions
 d - a potion of curing
 h - 2 potions of speed
 l - a potion of degeneration {unknown}


   Skills:
 + Level 2.7 Fighting
 + Level 3.6 Axes
 + Level 1.7 Armour
 + Level 1.2 Dodging
 + Level 4.5 Invocations


You had 2 spell levels left.
You didn't know any spells.

Dungeon Overview and Level Annotations

Branches:
Dungeon (2/27)

Altars:

Annotations:
D:2 Ijyb


Innate Abilities, Weirdness & Mutations

You can tolerate rotten meat.


Message History

You hit Ijyb but do no damage.
Ijyb is severely wounded.
Ijyb hits you with a club.
* * * LOW HITPOINT WARNING * * *
You hit Ijyb but do no damage.
Ijyb is severely wounded.
Ijyb hits you but does no damage.
You hit Ijyb but do no damage.
Ijyb is severely wounded.
Ijyb hits you but does no damage.
You hit Ijyb but do no damage.
Ijyb is severely wounded.
Ijyb hits you with a club.
* * * LOW HITPOINT WARNING * * *
You hit Ijyb but do no damage.
Ijyb is severely wounded.
Ijyb screams, "You nasty!
Big nasty!"
Ijyb hits you with a club.
You die...
Your body rises from the dead as a mindless zombie.

#.#############
#########..............
#.........#############
#.#######.# #.# #.###
#.# ##...## #.#
##.###.## #.# ###g##
##.## #.# #.@<# #).#
#.# #)#.# ##..# #.#
#.##.###.#.##### #.#
#.# #...#......# #.#
#.# ##.###.###.# #.#
#.# #.# ### #.# #.# #.#
#.# #g# #.# #.####g#
#.# ##.###.##...# #.#


You could see Ijyb.

Vanquished Creatures
  2 adders (D:2)
  2 giant mites
  3 goblins
  5 hobgoblins
  A quokka (D:2)
  3 bats (D:1)
  A giant newt (D:1)
  A kobold (D:1)
  2 rats
  A plant (D:1)
21 creatures vanquished.

Vanquished Creatures (collateral kills)
  A hobgoblin (D:1)
  2 jackals (D:2)
  A rat (D:2)
4 creatures vanquished.

Vanquished Creatures (others)
  An adder zombie (D:2)
  A giant mite zombie (D:2)
  2 goblin zombies
  A jackal zombie (D:2)
  A rat zombie (D:2)
  4 toadstools (D:1)
10 creatures vanquished.

Grand Total: 35 creatures vanquished

Notes
Turn   | Place    | Note
--------------------------------------------------------------
     0 | D:1      | DimondSprtn, the Hill Orc Death Knight, began the quest for the Orb.
     0 | D:1      | Reached XP level 1. HP: 17/17 MP: 2/2
   106 | D:1      | Reached skill level 4 in Invocations
   106 | D:1      | Reached XP level 2. HP: 15/24 MP: 4/4
  1160 | D:2      | Reached skill level 1 in Dodging
  1160 | D:2      | Reached XP level 3. HP: 20/30 MP: 6/6
  1723 | D:2      | Noticed Ijyb
  2006 | D:2      | Slain by Ijyb

Action                   || total
-------------------------++-------
Melee: Hand axe          ||   173
Throw: Dart              ||     3
Invok: Animate Remains   ||    12
  Use: Potion            ||     2
